 Dungeon Crawl Stone Soup version 0.29-a0-1027-gcd8c55af63 (webtiles) character file.

Game seed: 1934757597375101929

455 ytrimaz the Chopper (level 6, -1/70 HPs)
             Began as a Demonspawn Berserker on Aug 14, 2022.
             Was a Believer of Trog.
             Slain by Sigmund
             ... wielding a +4 scythe of freezing
              (10 damage)
             ... on level 3 of the Dungeon.
             The game lasted 00:04:41 (3243 turns).

ytrimaz the Chopper (Demonspawn Berserker)          Turns: 3243, Time: 00:04:42

Health: -1/70      AC:  3    Str: 20    XL:     6   Next: 76%
Magic:  6/6        EV: 11    Int:  8    God:    Trog [**....]
Gold:   188        SH: 10    Dex: 12    Spells: 5/5 levels left

rFire   . . .      SeeInvis .   a - +1 hand axe
rCold   + . .      Faith    .   j - +0 buckler
rNeg    . . .      Spirit   .   i - +1 robe {rC+}
rPois   .          Reflect  .   (no helmet)
rElec   .          Harm     .   (no cloak)
rCorr   .          Rampage  .   (no gloves)
Will    .....                   (no boots)
Stlth   ..........              (no amulet)
HPRegen 0.21/turn               (no ring)
MPRegen 0.20/turn               (no ring)

@: berserking, very quick
A: large bone plates 2, magic regeneration
a: Renounce Religion, Berserk, Trog's Hand


You were on level 3 of the Dungeon.
You worshipped Trog.
Trog was pleased with you.
You visited 1 branch of the dungeon, and saw 3 of its levels.
You also visited: Sewer.

You collected 188 gold pieces.

Inventory:

Hand Weapons
 a - a +1 hand axe (weapon)
Armour
 b - a +0 animal skin
 i - a +1 robe of cold resistance (worn)
 j - a +0 buckler (worn)
Wands
 c - a wand of light (9)
Scrolls
 e - a scroll of enchant weapon
 f - a scroll of torment {unknown}
Potions
 d - a potion of curing
 g - a potion of haste


   Skills:
 - Level 3.0 Fighting
 + Level 6.4 Axes
 + Level 2.4 Armour
 - Level 1.7 Dodging
 + Level 1.4 Shields
 - Level 1.0 Evocations


You had 5 spell levels left.
You didn't know any spells.
Your spell library was empty.

Dungeon Overview and Level Annotations

Branches:
Dungeon (3/15)              Sewer (visited)

Altars:

Annotations:
D:3 Sigmund


Innate Abilities, Weirdness & Mutations

You are mostly covered in large bone plates. (SH +6)
You regenerate magic rapidly.


Message History

The dart slug launches a dart at you. The slug dart hits you.
You hit the dart slug.
The dart slug is moderately wounded.
You hit the dart slug.
The dart slug is heavily wounded.
You block the dart slug's attack.
You slash the dart slug!
You kill the dart slug!
Trog accepts your kill. You block something's attack.
No target in view!
Something hits you! Something freezes you.
No target in view!
You miss something.
No target in view!
You fail to use your ability.
Something hits you.
You hit something. Something hits you!
You hit something.
Unknown command.
You fail to use your ability.
Something hits you.
* * * LOW HITPOINT WARNING * * *
Something freezes you.
* * * LOW HITPOINT WARNING * * *
Unknown command.
You feel better. You block something's attack.
A red film seems to cover your vision as you go berserk!
You feel yourself moving faster!
You feel mighty!
You hit something. Something hits you!
* * * LOW HITPOINT WARNING * * *
Something freezes you.
* * * LOW HITPOINT WARNING * * *
You completely miss something. You closely miss something. Something hits you.
* * * LOW HITPOINT WARNING * * *
Something freezes you.
* * * LOW HITPOINT WARNING * * *
You barely miss something. You slash something! Something hits you!
You die...

.......# ### ......####
#.. #.....#... #.#
#......... #.#
#.......>. #.#
#.........
#.#######.....#.##
######.{[>.....#.#.#.##
#.....@.###### #.#.....
#.#####.# #.###.## #.#
#.# #r# #.# #.# #.# #.#
#.# #.# #.# #.# #.##
#.# #.########.# #...
#.# #.##..)....# ####
###.# ##.##.#######
##.#.####...#.#


There were no monsters in sight!

Vanquished Creatures
  Grinder (D:3)
  Pargi (Sewer)
  Terence (D:2)
  Robin (D:2)
  A river rat (D:3)
  4 adders
  4 worms
  3 dart slugs
  6 bats
  3 endoplasms
  4 giant cockroaches
  17 goblins
  6 hobgoblins
  A quokka (D:1)
  4 ball pythons
  2 frilled lizards
  5 kobolds
  5 rats
69 creatures vanquished.

Notes
Turn   | Place    | Note
-------+----------+-------------------------------------------
     0 | D:1      | ytrimaz the Demonspawn Berserker began the quest for the
                  | Orb.
     0 | D:1      | Reached XP level 1. HP: 18/18 MP: 1/1
   460 | D:1      | Reached skill level 3 in Axes
   591 | D:1      | Gained mutation: You are partially covered in large bone
                  | plates. (SH +4) [demonic ancestry]
   591 | D:1      | Reached XP level 2. HP: 22/24 MP: 2/2
  1237 | D:2      | Noticed Terence
  1250 | D:2      | Killed Terence
  1251 | D:2      | Reached XP level 3. HP: 27/29 MP: 3/3
  1414 | D:2      | Reached skill level 4 in Axes
  1727 | D:2      | Reached XP level 4. HP: 25/35 MP: 4/4
  1751 | D:2      | Found a faded altar of an unknown god.
  2158 | D:2      | Noticed Robin
  2170 | D:2      | Killed Robin
  2810 | D:3      | Noticed Grinder
  2813 | D:3      | Paralysed by Grinder for 3 turns
  2832 | D:3      | Paralysed by Grinder for 3 turns
  2838 | D:3      | Paralysed by Grinder for 4 turns
  2857 | D:3      | Paralysed by Grinder for 2 turns
  2860 | D:3      | Killed Grinder
  2861 | D:3      | Reached skill level 5 in Axes
  2861 | D:3      | Reached skill level 1 in Shields
  2861 | D:3      | Reached skill level 1 in Evocations
  2861 | D:3      | Gained mutation: You regenerate magic rapidly. [demonic
                  | ancestry]
  2861 | D:3      | Reached XP level 5. HP: 22/41 MP: 5/5
  2861 | D:3      | Gained mutation: You are mostly covered in large bone
                  | plates. (SH +6) [demonic ancestry]
  2861 | D:3      | Reached XP level 6. HP: 25/47 MP: 6/6
  2903 | D:3      | Noticed Sigmund
  2949 | D:3      | Reached skill level 6 in Axes
  3038 | D:3      | Reached ** piety under Trog
  3068 | D:3      | Found a glowing drain.
  3072 | Sewer    | Entered a sewer
  3098 | Sewer    | Noticed Pargi
  3108 | Sewer    | Killed Pargi
  3243 | D:3      | Slain by Sigmund

Illustrated notes

Levels and vault maps discovered:
D:1:      wander_arrival_desolate, layout_basic, serial_curves, eino_curves_04,
          eino_curves_03, eino_curves_02, eino_curves_04
D:2:      layout_basic, ebering_ecumenical_altar_sacrificial, uniq_terence,
          uniq_robin
D:3:      layout_loops_ring, gup_sewer_entry_spiral, uniq_crazy_yiuf_cottage,
          uniq_sigmund, uniq_grinder

Skill      XL: |  1  2  3  4  5  6 |
---------------+-------------------+-----
Axes           | 3 4 5 6 |  6.4
Armour         | 2 |  2.4
Shields        | 1 |  1.4
Evocations     | 1 |  1.0
Fighting       | |  3.0
Dodging        | |  1.7

Action                   |  1- 3 |  4- 6 || total
-------------------------+-------+-------++-------
Melee: Hand axe          |    71 |   202 ||   273
Invok: Berserk           |     2 |     3 ||     5
Evoke: Wand              |       |    10 ||    10
  Use: Scroll            |     3 |     4 ||     7
       Potion            |       |     5 ||     5
 Stab: Sleeping          |       |     1 ||     1
Armor: Animal skin       |     9 |     8 ||    17
       Skin              |       |    14 ||    14
       Robe              |       |    24 ||    24
Dodge: Dodged            |    37 |    62 ||    99
Block: Other             |    16 |     7 ||    23
       Buckler           |       |    40 ||    40

Table legend: (Time is in decaauts)
 A = Elapsed time spent in this place.
 B = Non-inter-level travel time spent in this place.
 C = Inter-level travel time spent in this place.
 D = Time resting spent in this place.
 E = Time spent auto-exploring this place.
 F = Levels seen in this place.
 G = Mean time per level.
                   A        B        C        D        E       F      G
               +--------+--------+--------+--------+--------+-----+--------+
         Total |   3319 |   3175 |    144 |    492 |   1848 |   4 |  829.8 |
       Dungeon |   3237 |   3093 |    144 |    492 |   1848 |   3 | 1079.0 |
         Sewer |     81 |     81 |      0 |      0 |      0 |   1 |   81.0 |
               +--------+--------+--------+--------+--------+-----+--------+

Top non-repeatable levels by time:
     D:2: 1588 daAuts
     D:1: 1103 daAuts
     D:3: 545 daAuts
   Sewer: 81 daAuts
